AoeStats
← redoubz

Arabia

510012631Analyzed
1v1 RM · 5d ago on Sep 29, 2026· 25m 55s· 2 players
Game mode
Random Map
Map size
Tiny (2 player)
Population
200
Speed
Normal
Resources
Standard
Victory
Conquest
Starting age
Dark Age
Ending age
Imperial Age
RankedLock teamsTeams togetherTeam positionsShared explorationLock speedFull tech treeHidden civsTurbo modeCheats
Victory
Defeat
🇦🇷 Magyars · Argentina
1087
+14
🇨🇦 Inca · Canada
1052
-14
redoubz
10:01 Feudal Age
10:57 Double-Bit Axe
10:53 Horse Collar
11:41 Champi Runner
16:07 Scale Mail Armor
19:12 Loom
22:03 Forging
26:10 Castle Age
Mr Lata
6:46 Loom
9:35 Feudal Age
11:44 Double-Bit Axe
11:50 Horse Collar
21:33 Castle Age
22:05 Bloodlines
22:03 Scale Barding Armor
23:59 Chain Barding Armor
Connection lost

Rejoining the realm…

Still unreachable

The connection could not be restored.

Session expired

The server has moved on; the page needs a fresh start.